 Dungeon Crawl Stone Soup version 0.20.1-1-g8b1a95d (webtiles) character file.

247 letownia2 the Grave Robber (level 5, 0/42 HPs)
             Began as a Deep Dwarf Necromancer on Dec 17, 2017.
             Was an Initiate of Gozag.
             Killed by divine providence
             ... invoked by an orc priest
              (10 damage)
             ... on level 4 of the Dungeon.
             The game lasted 00:05:44 (1610 turns).

letownia2 the Grave Robber (Deep Dwarf Necromancer) Turns: 1610, Time: 00:05:45

Health: 0/42       AC:  5    Str: 12    XL:     5   Next: 85%
Magic:  9/10       EV: 11    Int: 16    God:    Gozag
Gold:   122        SH:  0    Dex: 13    Spells: 7/11 levels left

rFire    . . .     SeeInvis .   a - +0 hand axe (chop)
rCold    . . .     Gourm    .   (no shield)
rNeg     . . .     Faith    .   t - +0 ring mail
rPois    .         Spirit   .   (no helmet)
rElec    .         Reflect  .   (no cloak)
rCorr    .         Harm     .   (no gloves)
MR       .....                  (no boots)
Stlth    +.........             (no amulet)
Regen    0.0/turn               (no ring)
MPRegen  0.2/turn               (no ring)

@: non-regenerating
A: damage resistance, heal wounds, sense surroundings 1, no regeneration
a: Heal Wounds, Potion Petition, Call Merchant, Bribe Branch, Renounce Religion


You were on level 4 of the Dungeon.
You worshipped Gozag.
Gozag was aware of your devotion.
You were hungry.

You visited 2 branches of the dungeon, and saw 5 of its levels.

You collected 197 gold pieces.
You paid 75 gold pieces to Gozag.

Inventory:

Hand Weapons
 a - a +0 hand axe of chopping (weapon)
 b - a +1 flail of draining
 r - a +0 war axe
 u - a +0 dagger of speed
Missiles
 e - 21 bolts
Armour
 m - a +0 robe
 p - a +0 leather armour
 t - a +0 ring mail (worn)
Jewellery
 n - an uncursed ring of fire {unknown}
Scrolls
 d - a scroll of remove curse {unknown}
 h - 2 scrolls of teleportation {unknown}
 j - 2 scrolls of identify {unknown}
 k - a scroll of magic mapping {unknown}
 q - 2 scrolls of enchant armour {unknown}
Potions
 f - a potion of agility {unknown}
 i - a potion of heal wounds {unknown}
Books
 o - a book of Necromancy

   Spells                             Type                      Level
   a - Pain                           Necromancy                   1
   b - Animate Skeleton               Necromancy                   1
   c - Vampiric Draining              Necromancy                   3
   d - Regeneration                   Charms/Necromancy            3
   e - Animate Dead                   Necromancy                   4
   f - Control Undead                 Necromancy                   4
Comestibles
 c - a bread ration
 g - 2 royal jellies
 l - a meat ration


   Skills:
 - Level 2.1 Dodging
 - Level 2.4 Stealth
 + Level 3.6 Spellcasting
 - Level 6.6 Necromancy


You had 7 spell levels left.
You knew the following spells:

 Your Spells              Type           Power        Failure   Level  Hunger
a - Pain                  Necr           ###.         2%          1    None
v - Vampiric Draining     Necr           ###.......   8%          3    ###....


Dungeon Overview and Level Annotations

Branches:
Dungeon (4/15)             Temple (1/1) D:4

Altars:
Elyvilon
Fedhas
Gozag
Vehumet
Xom

Annotations:
D:4 Edmund


Innate Abilities, Weirdness & Mutations

You are resistant to damage.
You can heal yourself by infusing magical energy.
You passively map a small area around you.
You do not regenerate.


Message History

You barely miss the orc.
The orc is almost dead.
The orc closely misses you.
Unknown command.
Casting: Vampiric Draining
Confirm with . or Enter, or press ? or * to list all spells.
Aiming: Pain
Press: ? - help, Shift-Dir - straight line, f - orc
Aim: an orc, wielding a hand axe and wearing a leather armour (almost dead, chance to defeat MR: 93%)
The orc writhes in agony!
You kill the orc!
Unknown command.
You now have 122 gold pieces (gained 6).
Things that are here:
a hand axe; a leather armour The orc priest shouts!
The orc priest mumbles some strange prayers to Beogh against you.
Beogh smites you!
You die...
Your body crumbles into a pile of gold.

#####...........# *
...)..8.8.8.....#####
o###...⌠.⌠......#...#####.
, .#
##.8.>.8.....#......... ,
.####..⌠.⌠......#$........
* ,,
..o...8.8.8.....#.<$......
###.#...........#.).......
*
....#..........o#.........
*
...###.........)@.....####
.........................
,
...###########........###
...# #........# ...# *
#........# * * .... ,
................., .....
...............##
......,...............# *
* ...@........!..##.###.#
,


You could see an orc priest.

Vanquished Creatures
  An ogre (D:4)
  4 orc wizards
  An adder (D:2)
  2 dart slugs
  15 orcs
  2 bats (D:1)
  2 giant cockroaches
  A goblin (D:3)
  2 frilled lizards
  3 kobolds
  3 rats
36 creatures vanquished.

Notes
Turn   | Place    | Note
-------+----------+-------------------------------------------
     0 | D:1      | letownia2 the Deep Dwarf Necromancer began the quest for the Orb.
     0 | D:1      | Reached XP level 1. HP: 15/15 MP: 3/3
   291 | D:2      | Reached XP level 2. HP: 22/22 MP: 0/5
   419 | D:2      | Reached skill level 5 in Necromancy
   573 | D:2      | Reached XP level 3. HP: 25/28 MP: 2/6
   578 | D:2      | Learned a level 3 spell: Vampiric Draining
   872 | D:2      | Reached skill level 6 in Necromancy
   872 | D:2      | Reached XP level 4. HP: 31/36 MP: 1/7
  1231 | D:3      | Reached XP level 5. HP: 40/42 MP: 0/8
  1327 | D:4      | Found a staircase to the Ecumenical Temple.
  1336 | Temple   | Entered the Ecumenical Temple
  1343 | Temple   | Became a worshipper of Gozag Ym Sagoz the Greedy
  1419 | D:4      | Noticed an ogre
  1453 | D:4      | Noticed Edmund
  1526 | D:4      | Killed an ogre
  1610 | D:4      | Killed from afar by an orc priest

Skill      XL: |  1  2  3  4  5 |
---------------+----------------+-----
Spellcasting   | 2 3 |  3.6
Necromancy     | 5 6 |  6.6
Dodging        | |  2.1
Stealth        | |  2.4

Action                   |  1- 3 |  4- 6 || total
-------------------------+-------+-------++-------
Melee: Flail             |     1 |    17 ||    18
       Hand axe          |       |    12 ||    12
       Dagger            |       |     4 ||     4
 Cast: Pain              |    22 |    35 ||    57
       Vampiric Draining |     6 |     6 ||    12
  Eat: Chunk             |     1 |     3 ||     4
Armor: Robe              |     4 |       ||     4
       Leather armour    |     1 |     5 ||     6
       Ring mail         |       |     5 ||     5
Dodge: Dodged            |    23 |    40 ||    63
